 Dungeon Crawl Stone Soup version 0.30-a0-457-g4b7bca3bfa (webtiles) character file.

Game seed: 13796549584207849759

1535 hbs the Skirmisher (level 8, -3/36 (41) HPs)
             Began as a Spriggan Hexslinger on Dec 13, 2022.
             Slain by a wight
             ... wielding a +2 great sword
              (13 damage)
             ... on level 7 of the Dungeon.
             The game lasted 00:27:55 (6679 turns).

hbs the Skirmisher (Spriggan Hexslinger)            Turns: 6679, Time: 00:27:56

HP:   -3/36 (41)    AC:  7    Str:  7 (10) XL:     8   Next: 55%
MP:   14/15         EV: 19    Int: 10 (14) God:
Gold: 555           SH:  4    Dex: 18 (22) Spells: 14/15 levels left

rFire   . . .      SeeInvis +    a - +1 sling
rCold   . . .      Faith    .    (no shield)
rNeg    + . .      Spirit   .    c - +0 robe
rPois   .          Reflect  .    (helmet restricted)
rElec   .          Harm     .    m - +0 cloak
rCorr   .          Rampage  .    (gloves unavailable)
Will    ++...                    (boots unavailable)
Stlth   ++........               (no amulet)
HPRegen 0.26/turn                n - ring of Tium {AC+4 Str+4 Dex+4}
MPRegen 0.14/turn                p - ring of positive energy

@: heavily drained, very quick
A: very small, no large weapons, unfitting armour, see invisible, speed 3, large
bone plates 1, deterioration 1, strong-willed 1
a: no special abilities


You were on level 7 of the Dungeon.
You visited 2 branches of the dungeon, and saw 8 of its levels.
You also visited: Ossuary.

You collected 555 gold pieces.

Inventory:

Hand Weapons
 a - a +1 sling (weapon)
 s - a +1 short sword of protection
Armour
 c - a +0 robe (worn)
 m - a +0 cloak (worn)
 r - a +0 pair of boots
Jewellery
 n - the ring of Tium (left hand) {AC+4 Str+4 Dex+4}
   (You found it on level 3 of the Dungeon)

   [ring of protection]

   AC:        It affects your AC (+4).
   Str:       It affects your strength (+4).
   Dex:       It affects your dexterity (+4).
 p - a ring of positive energy (right hand)
Wands
 j - a wand of flame (8)
 v - a wand of polymorph (14)
Scrolls
 b - 3 scrolls of poison
 d - 12 scrolls of identify {unknown}
 e - 4 scrolls of blinking {unknown}
 f - 8 scrolls of noise {unknown}
 g - 4 scrolls of vulnerability {unknown}
 h - a scroll of immolation {unknown}
 i - 2 scrolls of teleportation {unknown}
 k - 2 scrolls of acquirement {unknown}
 l - 2 scrolls of fog {unknown}
 o - a scroll of silence {unknown}
 t - 2 scrolls of magic mapping {unknown}
 u - 2 scrolls of enchant armour {unknown}
 w - a scroll of fear {unknown}
 x - 2 scrolls of amnesia {unknown}
Potions
 q - 3 potions of flight {unknown}
 z - a potion of heal wounds {unknown}
 A - 2 potions of degeneration
 B - 2 potions of attraction
 C - a potion of ambrosia {unknown}
 D - a potion of resistance {unknown}


   Skills:
 + Level 3.6 Fighting
 + Level 8.0 Ranged Weapons
 + Level 4.0 Dodging
 + Level 2.8 Stealth
 + Level 4.2 Spellcasting
 + Level 5.7 Hexes


You had 14 spell levels left.
You knew the following spells:

 Your Spells              Type           Power      Damage    Failure   Level
a - Slow                  Hex            52%        N/A       2%          1

Your spell library contained the following spells:

 Spells                   Type           Power      Damage    Failure   Level
 Inner Flame              Hex/Fire       7%         N/A       22%         3
 Portal Projectile        Hex/Tloc       14%        N/A       22%         3
 Cause Fear               Hex            6%         N/A       24%         4
 Freeze                   Ice            8%         1d3       26%         1
 Necrotise                Necr           8%         1d4       26%         1
 Cigotuvi's Dreadful Rot  Necr/Pois/Air  4%         N/A       36%         2
 Poisonous Vapours        Pois/Air       4%         N/A       36%         2
 Frozen Ramparts          Ice            4%         1d1       58%         3
 Hailstorm                Conj/Ice       2%         3d3       58%         3
 Mephitic Cloud           Conj/Pois/Air  2%         N/A       58%         3
 Vampiric Draining        Necr           2%         2d6       58%         3
 Agony                    Necr           2%         N/A       100%        5


Dungeon Overview and Level Annotations

Branches:
Dungeon (7/15)             Temple (1/1) D:6         Ossuary (visited)

Altars:
Ashenzari
Cheibriados
Fedhas
Gozag
Hepliaklqana
Kikubaaqudgha
Makhleb
Nemelex Xobeh
Qazlal
Ru
Sif Muna
Trog
Uskayaw
Wu Jian
Xom
Yredelemnul
Zin
The Shining One

Shops:
D:4 [


Innate Abilities, Weirdness & Mutations

You are very small and have problems with some larger weapons.
You are too small for most types of armour.
You have supernaturally acute eyesight. (SInv)
You cover ground extremely quickly. (Speed+++)
You are partially covered in large bone plates. (SH +4)
Your body sometimes deteriorates upon taking damage.
You are strong-willed. (Will+)


Message History

Fire: a) +1 sling
Press: ? - help, Shift-Dir - straight line, f/p - wight
Aim: a wight, wielding a +2 great sword, wearing a +0 robe and quivering stones (lightly damaged, 66% to hit)
You shoot a sling bullet.
The sling bullet barely misses the wight.
The wight completely misses you.
The wight hits you with a +2 great sword!
Your body deteriorates!
You feel dopey. You partially resist.
You feel drained.
Fire: a) +1 sling
Press: ? - help, Shift-Dir - straight line, f/p - wight
Aim: a wight, wielding a +2 great sword, wearing a +0 robe and quivering stones (lightly damaged, 66% to hit)
You shoot a sling bullet. The sling bullet hits the wight!
The wight is heavily damaged.
The wight hits you with a +0 mace.
* * * LOW HITPOINT WARNING * * *
The wight closely misses you.
Fire: a) +1 sling
Press: ? - help, Shift-Dir - straight line, f/p - wight
Aim: a wight, wielding a +2 great sword, wearing a +0 robe and quivering stones (heavily damaged, 66% to hit)
You shoot a sling bullet.
The sling bullet completely misses the wight.
The wight hits you with a +0 mace.
* * * LOW HITPOINT WARNING * * *
You partially resist.
You feel drained. You block the wight's attack.
You feel better. The wight completely misses you. The wight misses you.
It was a potion of degeneration.
There was something very wrong with that liquid.
You feel weakened.
You feel dopey.
You feel clumsy. The wight hits you with a +0 mace!
* * * LOW HITPOINT WARNING * * *
Your body deteriorates!
You feel dopey. You partially resist.
You feel drained. The wight closely misses you.
Aiming: Slow (safe; 2% risk of failure)
Press: ? - help, Q - select action, (/) - cycle Shift-Dir - straight line, f/p - wight
Aim: a wight, wielding a +2 great sword, wearing a +0 robe and quivering stones (heavily damaged, chance to affect: 47%)
The wight resists with some effort.
The wight barely misses you.
The wight hits you with a +2 great sword!
You die...

#.........######.###
#.........# ##.#
#.......).# ##..#
#########)####..##
#.)....##
#####...###
#.....#..##
####z######..#
##.zz@# ##.# #..####
#.## #†## #..#
#########z# ##.#
#.........# #.#
#.......### #.##
#.......# #..##
#.......# ##..#
#.......# ##.#####


You could see 3 wights.

Vanquished Creatures
  A sky beast (D:6)
  4 ogres
  A phantom (D:7)
  A kobold brigand (D:7)
  A necrophage (D:7)
  4 scorpions
  2 wights (D:7)
  3 howler monkeys (D:7)
  Jessica (D:3)
  2 iguanas
  A hound zombie (Ossuary)
  4 mummies (Ossuary)
  10 gnolls
  9 adders
  A shadow imp (D:6)
  An ufetubus (D:5)
  An adder zombie (Ossuary)
  2 worms (D:2)
  9 orcs
  5 endoplasms
  3 giant cockroaches
  3 gnoll zombies (Ossuary)
  5 goblins
  7 hobgoblins
  6 jackals
  7 quokkas
  6 ball pythons
  5 bats
  3 frilled lizards
  A goblin zombie (Ossuary)
  A jackal zombie (Ossuary)
  10 kobolds
  2 kobold zombies (Ossuary)
  2 orc zombies (Ossuary)
  5 rats
  3 rat zombies
  A butterfly (D:3)
133 creatures vanquished.

Notes
Turn   | Place    | Note
-------+----------+-------------------------------------------
     0 | D:1      | hbs the Spriggan Hexslinger began the quest for the Orb.
     0 | D:1      | Reached XP level 1. HP: 9/9 MP: 3/3
   339 | D:1      | Reached XP level 2. HP: 14/14 MP: 1/5
   574 | D:1      | Found a faded altar of an unknown god.
   845 | D:2      | Reached XP level 3. HP: 17/17 MP: 4/6
  1030 | D:2      | You fall into a shaft and drop 2 floors!
  1199 | D:4      | Noticed a scorpion
  1223 | D:4      | Killed a scorpion
  1224 | D:4      | Reached skill level 1 in Fighting
  1224 | D:4      | Reached skill level 3 in Ranged Weapons
  1224 | D:4      | Reached XP level 4. HP: 23/23 MP: 6/8
  1507 | D:3      | Noticed Jessica
  1522 | D:3      | Killed Jessica
  1593 | D:3      | Reached XP level 5. HP: 26/26 MP: 7/9
  1690 | D:3      | Identified the ring of Tium {AC+4 Str+4 Dex+4}
  1732 | D:3      | Found a shimmering altar of Xom.
  1929 | D:3      | Reached skill level 4 in Ranged Weapons
  2453 | D:2      | You fall into a shaft and drop 1 floor!
  3142 | D:4      | Reached skill level 1 in Stealth
  3142 | D:4      | Reached XP level 6. HP: 22/30 MP: 10/10
  4066 | D:4      | Found Guisu's Armour Emporium.
  4195 | D:5      | Entered Level 5 of the Dungeon
  4200 | D:5      | Reached skill level 5 in Ranged Weapons
  4304 | D:5      | Reached XP level 7. HP: 35/35 MP: 12/12
  4687 | D:5      | Found a sand-covered staircase.
  4697 | Ossuary  | Entered an ossuary
  4727 | Ossuary  | Gained mutation: Your system is resistant to poisons.
                  | (rPois) [potion of mutation]
  4727 | Ossuary  | Gained mutation: You occasionally lose the ability to drink
                  | potions when taking damage. [potion of mutation]
  4727 | Ossuary  | Gained mutation: You expend magic power (3 MP) to
                  | strengthen your wands. [potion of mutation]
  4828 | Ossuary  | Reached skill level 6 in Ranged Weapons
  5045 | Ossuary  | Lost mutation: Your system is resistant to poisons. (rPois)
                  | [potion of mutation]
  5045 | Ossuary  | Lost mutation: You expend magic power (3 MP) to strengthen
                  | your wands. [potion of mutation]
  5045 | Ossuary  | Gained mutation: You are agile. (Dex +4, Str/Int -1)
                  | [potion of mutation]
  5045 | Ossuary  | Gained mutation: Your body sometimes deteriorates upon
                  | taking damage. [potion of mutation]
  5047 | Ossuary  | Lost mutation: You occasionally lose the ability to drink
                  | potions when taking damage. [potion of mutation]
  5047 | Ossuary  | Lost mutation: You are agile. (Dex +4, Str/Int -1) [potion
                  | of mutation]
  5047 | Ossuary  | Gained mutation: You are strong-willed. (Will+) [potion of
                  | mutation]
  5047 | Ossuary  | Gained mutation: You are partially covered in large bone
                  | plates. (SH +4) [potion of mutation]
  5379 | D:5      | Reached skill level 5 in Hexes
  5583 | D:6      | Reached XP level 8. HP: 40/40 MP: 14/14
  5747 | D:6      | Found a staircase to the Ecumenical Temple.
  5753 | Temple   | Entered the Ecumenical Temple
  6206 | D:6      | Found a blossoming altar of Fedhas.
  6309 | D:6      | Found a glowing silver altar of Zin.
  6472 | D:7      | Reached skill level 7 in Ranged Weapons
  6669 | D:7      | Reached skill level 8 in Ranged Weapons
  6679 | D:7      | Slain by a wight

Illustrated notes

Levels and vault maps discovered:
D:1:      enne_arrival_octagon_isle, layout_loops_ring,
          ebering_ecumenical_altar_webs
D:2:      cheibrodos_old_hovel, layout_loops_ring
D:3:      layout_loops_corners, xom_butterflies, gup_sewer_entry_pipe,
          uniq_jessica
D:4:      layout_loops_corners, serial_shops, kennysheep_little_box,
          serial_rivers, chequers_serial_rivers_micro_e,
          chequers_serial_rivers_micro_c, chequers_serial_rivers_micro_d,
          chequers_serial_rivers_marsh, roderic_lattice_a
D:5:      layout_basic, enter_ossuary_4, dreamdust_princess_corridor
D:6:      nicolae_cairo_tiling, layout_cave_pools, amcnicky_altar_gilded,
          kennysheep_mini, minmay_temple_entry_enclosed_plants
D:7:      layout_rooms
Temple:   nicolae_temple_bog_church

Skill      XL: |  1  2  3  4  5  6  7  8 |
---------------+-------------------------+-----
Hexes          | 4 5 |  5.7
Dodging        | 3 4 |  4.0
Fighting       | 1 2 3 |  3.6
Ranged Weapons | 3 4 5 6 8 |  8.0
Spellcasting   | 2 3 4 |  4.2
Stealth        | 1 2 |  2.8

Action                   |  1- 3 |  4- 6 |  7- 9 || total
-------------------------+-------+-------+-------++-------
 Fire: Sling             |    95 |   189 |   266 ||   550
 Cast: Slow              |    27 |    22 |    46 ||    95
  Use: Potion            |       |       |    11 ||    11
Armor: Robe              |     3 |    14 |    41 ||    58
Dodge: Dodged            |    36 |    68 |   183 ||   287
Block: Other             |       |       |     8 ||     8

Table legend: (Time is in decaauts)
 A = Elapsed time spent in this place.
 B = Non-inter-level travel time spent in this place.
 C = Inter-level travel time spent in this place.
 D = Time resting spent in this place.
 E = Time spent auto-exploring this place.
 F = Levels seen in this place.
 G = Mean time per level.
                   A        B        C        D        E       F      G
               +--------+--------+--------+--------+--------+-----+--------+
         Total |   4712 |   4643 |     69 |      0 |   2889 |   9 |  523.6 |
       Dungeon |   4186 |   4135 |     51 |      0 |   2739 |   7 |  598.0 |
        Temple |    264 |    247 |     17 |      0 |     73 |   1 |  264.0 |
       Ossuary |    262 |    262 |      0 |      0 |     75 |   1 |  262.0 |
               +--------+--------+--------+--------+--------+-----+--------+

Top non-repeatable levels by time:
     D:4: 975 daAuts
     D:3: 894 daAuts
     D:5: 638 daAuts
     D:1: 612 daAuts
     D:2: 474 daAuts
     D:6: 402 daAuts
  Temple: 264 daAuts
 Ossuary: 262 daAuts
     D:7: 189 daAuts
